General information
			
			
        
        - name: GRRRUDGE
 
        - type: Custom game
 
        - host: jerund
 
        - saver: TIMG4STRok
 
        
map: LostTemple 
        - players: 9
 
        - length: 11:32
 
        - speed: Fast
 - version: 1.22 W3XP
 - replay type:  

 
» download(71 KB)
Players
        team 1 (winner) 
              
              
» 
TIMG4STRok (
gray | 162 APM | 1871 actions | 11:32)
              
 2 Demon Hunter 
 1 Mana Burn
 1 Evasion
 3 Warden 
 2 Fan of Knives
 1 Blink
 
                » actions 
                
                | Assign group hotkey | 21 |  | 
| Basic commands | 14 |  | 
| Build / train | 44 |  | 
| ESC pressed | 4 |  | 
| Enter build submenu | 14 |  | 
| Enter hero's abilities submenu | 5 |  | 
| Right click | 1002 |  | 
| Select / deselect | 131 |  | 
| Select group hotkey | 586 |  | 
| Use ability | 50 |  | 
                1871 total
 » units 
                
                | Wisp | 16 |  | 
| Archer | 7 |  | 
| Dryad | 2 |  | 
| Druid of the Claw | 1 |  | 
                26 total
 » upgrades
                
                | Druid of the Claw Training | 2 |  | 
| Abolish Magic | 1 |  | 
| Strength of the Wild | 1 |  | 
| Well Spring | 1 |  | 
                5 total
 » buildings
                
                | Altar of Elders | 1 |  | 
| Moon Well | 6 |  | 
| Ancient of War | 1 |  | 
| Tree of Ages | 1 |  | 
| Hunter's Hall | 1 |  | 
| Ancient of Lore | 2 |  | 
| Tree of Eternity | 1 |  | 
| Ancient of Wonders | 1 |  | 
| Tree of Life | 1 |  | 
                15 total
 » build order
                00:05 Altar of Elders
00:17 Moon Well
00:31 Ancient of War
01:42 Moon Well
02:55 Tree of Ages
03:22 Moon Well
04:20 Hunter's Hall
05:25 Ancient of Lore
06:27 Ancient of Lore
06:37 Moon Well
07:07 Tree of Eternity
07:34 Moon Well
08:35 Moon Well
09:48 Ancient of Wonders
09:56 Tree of Life
 
               team 2 (loser) 
              
              
greedoFthenoob (
pink | 100 APM | 1152 actions | 11:32)
              
 3 Archmage 
 2 Summon Water Elemental
 1 Brilliance Aura
 1 Mountain King 
 1 Storm Bolt
 
                » actions 
                
                | Assign group hotkey | 27 |  | 
| Basic commands | 33 |  | 
| Build / train | 45 |  | 
| Enter build submenu | 15 |  | 
| Enter hero's abilities submenu | 5 |  | 
| Right click | 616 |  | 
| Select / deselect | 318 |  | 
| Select group hotkey | 45 |  | 
| Use ability | 48 |  | 
                1152 total
 » units 
                
                | Peasant | 11 |  | 
| Footman | 5 |  | 
| Rifleman | 4 |  | 
| Mortar Team | 3 |  | 
| Sorceress | 3 |  | 
                26 total
 » upgrades
                » buildings
                
                | Altar of Kings | 1 |  | 
| Barracks | 1 |  | 
| Farm | 7 |  | 
| Keep | 1 |  | 
| Blacksmith | 1 |  | 
| Arcane Vault | 2 |  | 
| Workshop | 1 |  | 
| Arcane Sanctum | 1 |  | 
| Castle | 1 |  | 
                16 total
 » build order
                00:06 Altar of Kings
00:17 Barracks
00:34 Farm
01:03 Farm
02:23 Farm
03:20 Farm
03:22 Farm
03:54 Keep
04:14 Blacksmith
04:23 Arcane Vault
04:25 Arcane Vault
06:29 Farm
06:45 Workshop
06:47 Arcane Sanctum
07:01 Farm
08:34 Castle
» items
                
                | Boots of Speed | 1 |  | 
| Dust of Appearance | 1 |  | 
| Potion of Healing | 2 |  | 
| Potion of Mana | 1 |  | 
| Scroll of Regeneration | 1 |  | 
                6 total
  
               observersjerund, 
bLinn, 
evil_pengoon, 
plampy, 
1refdisrrush, 
Phasoms, 
BRAUMS Chat log
          (00:11 / All) TIMG4STRok: gg gl
(00:24 / All) greedoFthenoob: who is your favourite wahlberg brother
(00:27 / All) TIMG4STRok: mark
(00:36 / All) TIMG4STRok: who is your favorite baldwin
(00:41 / All) greedoFthenoob: alec
(00:44 / All) TIMG4STRok: nice 1
(00:53 / All) greedoFthenoob: even if he does support peta
(04:47 / All) greedoFthenoob: lga?
(10:56 / All) greedoFthenoob: gg
(11:02 / All) TIMG4STRok: gg